 Dungeon Crawl Stone Soup version 0.29-a0-251-g80730f7218 (webtiles) character file.

Game seed: 4925885032514549954

1992 Armakuni the Summoner (level 9, -5/77 HPs)
             Began as a Human Summoner on Mar 5, 2022.
             Was an Initiate of Elyvilon.
             Slain by Duvessa
             ... wielding a +0 short sword
              (11 damage)
             ... on level 6 of the Dungeon.
             The game lasted 00:18:50 (7863 turns).

Armakuni the Summoner (Human Summoner)              Turns: 7863, Time: 00:18:50

Health: -5/77      AC:  7    Str: 12    XL:     9   Next: 44%
Magic:  13/19      EV: 10    Int: 17    God:    Elyvilon [......]
Gold:   357        SH:  0    Dex: 13    Spells: 12/21 levels left

rFire   . . .      SeeInvis +   a - +1 short sword (venom)
rCold   . . .      Faith    .   (no shield)
rNeg    . . .      Spirit   .   f - +0 swamp dragon scales
rPois   +          Reflect  .   (no helmet)
rElec   .          Harm     .   (no cloak)
rCorr   .          Rampage  .   (no gloves)
Will    +....                   (no boots)
Stlth   +.........              R - amulet of Vitality {Regen+ HP+15}
HPRegen 1.02/turn               W - ring of willpower
MPRegen 0.16/turn               I - ring of see invisible

@: no status effects
A: no striking features
a: Renounce Religion


You were on level 6 of the Dungeon.
You worshipped Elyvilon.
Elyvilon was noncommittal.
You visited 2 branches of the dungeon, and saw 8 of its levels.
You also visited: Sewer.

You collected 357 gold pieces.

Inventory:

Hand Weapons
 a - a +1 short sword of venom (weapon)
 d - a +3 dagger
Armour
 f - +0 swamp dragon scales (worn)
Jewellery
 I - a ring of see invisible (right hand)
 R - the amulet of Vitality (around neck) {Regen+ HP+15}
   (You acquired it on level 6 of the Dungeon)

   [amulet of regeneration]

   HP:        It affects your health (+15).
   Regen:     It increases your rate of health regeneration.
 W - a ring of willpower (left hand)
Scrolls
 g - a scroll of magic mapping
 j - a scroll of fear
 l - 5 scrolls of enchant weapon
 o - 2 scrolls of amnesia
 p - a scroll of blinking
Potions
 b - 2 potions of curing
 c - a potion of ambrosia {unknown}
 e - a potion of invisibility {unknown}
 h - a potion of attraction {unknown}
 i - 2 potions of cancellation {unknown}
 r - 2 potions of might {unknown}
 s - 4 potions of flight


   Skills:
 - Level 2.4 Fighting
 - Level 2.0 Dodging
 - Level 2.0 Stealth
 + Level 6.7 Spellcasting
 - Level 10.0 Summonings


You had 12 spell levels left.
You knew the following spells:

 Your Spells              Type           Power      Damage    Failure   Level
b - Blink                 Tloc           10%        N/A       38%         2
k - Call Canine Familiar  Summ           39%        N/A       1%          3
l - Summon Lightning Spi  Summ/Air       22%        N/A       34%         4

Your spell library contained the following spells:

 Spells                   Type           Power      Damage    Failure   Level
 Summon Small Mammal      Summ           100%       N/A       1%          1
 Call Imp                 Summ           39%        N/A       1%          2
 Summon Guardian Golem    Hex/Summ       22%        N/A       11%         3
 Gell's Gravitas          Tloc           5%         N/A       63%         3
 Lesser Beckoning         Tloc           5%         N/A       63%         3
 Ozocubu's Armour         Ice            5%         N/A       63%         3
 Teleport Other           Tloc           5%         N/A       63%         3
 Manifold Assault         Tloc           5%         N/A       100%        5
 Ozocubu's Refrigeration  Ice            2%         4d5       100%        7
 Storm Form               Tmut/Air       2%         N/A       100%        7


Dungeon Overview and Level Annotations

Branches:
Dungeon (7/15)             Temple (1/1) D:5           Sewer (visited)

Altars:
Ashenzari
Cheibriados
Elyvilon
Fedhas
Gozag
Hepliaklqana
Kikubaaqudgha
Makhleb
Nemelex Xobeh
Okawaru
Qazlal
Ru
Sif Muna
Trog
Uskayaw
Vehumet
Wu Jian
Xom
Yredelemnul
Zin
The Shining One

Annotations:
D:2 Sigmund
D:6 Duvessa


Message History

You hit Duvessa but do no damage.
Duvessa is poisoned.
Duvessa is lightly wounded.
Your wolf bites Duvessa.
Duvessa barely misses you.
Your wolf bites Duvessa but does no damage.
You hit Duvessa.
Duvessa looks as sick as possible!
Duvessa is moderately wounded.
Duvessa hits you with a +0 short sword!
Your wolf bites Duvessa.
Duvessa misses you.
Your wolf bites Duvessa.
You hit Duvessa but do no damage.
Duvessa looks as sick as possible!
Duvessa is moderately wounded.
Duvessa hits you with a +0 short sword!
* * * LOW HITPOINT WARNING * * *
Your wolf bites Duvessa but does no damage.
Duvessa hits you with a +0 short sword.
* * * LOW HITPOINT WARNING * * *
Your wolf bites Duvessa but does no damage.
Your wolf barely misses Duvessa.
Duvessa hits your wolf with a +0 short sword!
Your wolf bites Duvessa.
Duvessa hits your wolf with a +0 short sword!
Your wolf dies!
Your wolf's corpse disappears in a puff of smoke!
Casting: Call Canine Familiar (safe; 1% risk of failure)
Confirm with . or Enter, or press ? or * to list all spells.
An electric hum fills the air.
Duvessa hits you with a +0 short sword.
* * * LOW HITPOINT WARNING * * *
Your lightning spire shoots out a bolt of lightning at Duvessa!
The bolt of electricity hits Duvessa!
You hit Duvessa but do no damage.
Duvessa looks as sick as possible!
Duvessa is severely wounded.
Duvessa closely misses you.
Your lightning spire shoots out a bolt of lightning at Duvessa!
The bolt of electricity hits Duvessa.
You closely miss Duvessa.
Duvessa is severely wounded.
Duvessa hits you with a +0 short sword!
* * * LOW HITPOINT WARNING * * *
Duvessa hits you with a +0 short sword!
You die...

#..# #### #..# #..# #..#
#..# #..# ### #..# #..#
###.### #..######..#
#.....###......##8.##
#^..>([†............######
...###....######@e.)†..)..#
..## ##.).## ##....).....
..# ##...# #..#######. .##
###.## #..# ## ##.### #..#
##..###..########
##..#..........##
#......######..# ##...###
##.##


You could see Duvessa (berserk, extremely poisoned, ally target) and a friendly
lightning spire (summoned).

Vanquished Creatures
  A steam dragon (D:6)
  2 sky beasts
  A centaur (D:6)
  3 bullfrogs (D:6)
  2 scorpions (D:5)
  Dowan (D:6)
  2 howler monkeys
  4 hounds (D:5)
  Jessica (D:2)
  An iguana (D:6)
  2 orc wizards (D:5)
  A merfolk siren (Sewer)
  A merfolk avatar (Sewer)
  8 adders
  A river rat (Sewer)
  An ufetubus (D:5)
  2 worms
  2 dart slugs
  9 orcs
  4 bats
  3 endoplasms
  6 giant cockroaches
  5 goblins
  2 hobgoblins
  8 quokkas
  9 ball pythons
  2 frilled lizards (Sewer)
  4 kobolds
  31 rats
119 creatures vanquished.

Vanquished Creatures (collateral kills)
  Maggie (D:6)
  Pargi (D:3)
  A black bear (D:6)
  2 phantoms (D:5)
  A jelly (D:5)
  4 adders
  An orc (D:6)
  An endoplasm (D:2)
  4 giant cockroaches
  A goblin (D:2)
  6 hobgoblins
  4 quokkas
  7 ball pythons
  A bat (D:1)
  3 frilled lizards
  2 kobolds
  5 rats
45 creatures vanquished.

Grand Total: 164 creatures vanquished

Notes
Turn   | Place    | Note
-------+----------+-------------------------------------------
     0 | D:1      | Armakuni the Human Summoner began the quest for the Orb.
     0 | D:1      | Reached XP level 1. HP: 13/13 MP: 3/3
    49 | D:1      | Reached skill level 1 in Fighting
   640 | D:1      | Reached XP level 2. HP: 21/21 MP: 1/5
  1199 | D:1      | Reached XP level 3. HP: 18/28 MP: 6/6
  1207 | D:1      | Learned a level 3 spell: Call Canine Familiar
  1384 | D:1      | Learned a level 2 spell: Call Imp
  1536 | D:1      | Found a faded altar of an unknown god.
  2164 | D:2      | Noticed Jessica
  2174 | D:2      | Killed Jessica
  2175 | D:2      | Reached XP level 4. HP: 25/34 MP: 0/7
  3120 | D:2      | Reached XP level 5. HP: 39/39 MP: 7/9
  3189 | D:2      | Noticed Sigmund
  3994 | D:3      | Noticed Pargi
  4009 | D:3      | Killed Pargi
  4010 | D:3      | Reached skill level 5 in Summonings
  4010 | D:3      | Reached XP level 6. HP: 17/46 MP: 2/11
  4599 | D:4      | Found a glowing drain.
  4608 | Sewer    | Entered a sewer
  4892 | Sewer    | Learned a level 4 spell: Summon Lightning Spire
  5029 | D:4      | Reached skill level 6 in Summonings
  5046 | D:4      | Learned a level 2 spell: Blink
  5392 | D:2      | Reached XP level 7. HP: 44/51 MP: 13/13
  5747 | D:5      | Entered Level 5 of the Dungeon
  5848 | D:5      | Reached skill level 7 in Summonings
  6066 | D:5      | Reached XP level 8. HP: 33/57 MP: 12/14
  6188 | D:5      | Reached skill level 8 in Summonings
  6222 | D:5      | Found a staircase to the Ecumenical Temple.
  6266 | Temple   | Entered the Ecumenical Temple
  6524 | Temple   | Became a worshipper of Elyvilon the Healer
  7108 | D:6      | Reached skill level 9 in Summonings
  7357 | D:6      | HP: 1/57 [steam dragon/ball of steam (18)]
  7362 | D:6      | Reached skill level 10 in Summonings
  7362 | D:6      | Reached XP level 9. HP: 28/62 MP: 10/15
  7398 | D:6      | Noticed Maggie
  7408 | D:6      | Identified a scroll of acquirement
  7409 | D:6      | Acquired the amulet of Vitality {Regen+ HP+15}
  7409 | D:6      | Found the amulet of Vitality {Regen+ HP+15}
  7736 | D:6      | Reached skill level 5 in Spellcasting
  7747 | D:6      | Killed Maggie
  7845 | D:6      | Noticed Dowan
  7846 | D:6      | Noticed Duvessa
  7854 | D:6      | Killed Dowan
  7863 | D:6      | Slain by Duvessa

Illustrated notes

Levels and vault maps discovered:
D:1:      dpeg_arrival_short_road, layout_loops_ring,
          ebering_ecumenical_altar_abandoned
D:2:      layout_basic, uniq_jessica, uniq_sigmund
D:3:      layout_rooms, uniq_pargi
D:4:      layout_basic, cheibrodos_sewer_entry_sluice, grunt_ministairs_1
D:5:      layout_basic, minmay_temple_entry_grid
D:6:      layout_layer_cave, uniq_duvessa, uniq_maggie
D:7:      layout_basic, lemuel_another_geyser, uniq_crazy_yiuf_cottage
Temple:   mainiacjoe_temple_hex_bubbles

Skill      XL: |  1  2  3  4  5  6  7  8  9 |
---------------+----------------------------+-----
Fighting       | 1 2 |  2.4
Spellcasting   | 3 4 6 |  6.7
Summonings     | 5 6 7 10 | 10.0
Dodging        | |  2.0
Stealth        | |  2.0

Action                   |  1- 3 |  4- 6 |  7- 9 || total
-------------------------+-------+-------+-------++-------
Melee: Unarmed           |    55 |       |       ||    55
       Dagger            |    56 |    52 |       ||   108
       Punch             |     2 |     2 |     4 ||     8
       Short sword       |       |   188 |   207 ||   395
 Cast: Summon Small Mamm |    20 |     4 |       ||    24
       Call Imp          |     9 |     8 |     2 ||    19
       Call Canine Famil |       |     9 |     8 ||    17
       Summon Lightning  |       |       |     4 ||     4
  Use: Scroll            |       |     8 |     5 ||    13
       Potion            |       |       |     2 ||     2
 Stab: Sleeping          |     3 |     4 |     1 ||     8
       Distracted        |     1 |     1 |       ||     2
Armor: Robe              |    22 |    11 |       ||    33
       Troll leather arm |       |    60 |    40 ||   100
       Swamp dragon scal |       |       |     4 ||     4
Dodge: Dodged            |    80 |   146 |   169 ||   395

Table legend: (Time is in decaauts)
 A = Elapsed time spent in this place.
 B = Non-inter-level travel time spent in this place.
 C = Inter-level travel time spent in this place.
 D = Time resting spent in this place.
 E = Time spent auto-exploring this place.
 F = Levels seen in this place.
 G = Mean time per level.
                   A        B        C        D        E       F      G
               +--------+--------+--------+--------+--------+-----+--------+
         Total |   7953 |   7632 |    321 |   1545 |   4147 |   9 |  883.7 |
       Dungeon |   7202 |   6909 |    293 |   1545 |   3769 |   7 | 1028.9 |
        Temple |    279 |    251 |     28 |      0 |    224 |   1 |  279.0 |
         Sewer |    471 |    471 |      0 |      0 |    154 |   1 |  471.0 |
               +--------+--------+--------+--------+--------+-----+--------+

Top non-repeatable levels by time:
     D:1: 2416 daAuts
     D:2: 1701 daAuts
     D:5: 1113 daAuts
     D:3: 728 daAuts
     D:6: 586 daAuts
     D:4: 501 daAuts
   Sewer: 471 daAuts
  Temple: 279 daAuts
     D:7: 155 daAuts
